 Dungeon Crawl Stone Soup version 0.24.0-13-gcf9b319 (webtiles) character file.

Game seed: 2056514211480577926, levelgen mode: deterministic

3271 Fang the Fighter (level 10, -7/64 HPs)
             Began as a Gargoyle Berserker on Dec 2, 2019.
             Was a High Priest of Trog.
             Killed by divine providence
             ... invoked by an orc priest
              (11 damage)
             ... on level 8 of the Dungeon.
             The game lasted 00:09:42 (6321 turns).

Fang the Fighter (Gargoyle Berserker)               Turns: 6321, Time: 00:09:42

Health: -7/64      AC: 18    Str: 24    XL:     10   Next: 0%
Magic:  0/10       EV: 10    Int:  8    God:    Trog [*****.]
Gold:   402        SH:  0    Dex:  9    Spells: 9/9 levels left

rFire    . . .     SeeInvis .   a - +0 war axe
rCold    . . .     Gourm    +   (no shield)
rNeg     + . .     Faith    .   b - +0 chain mail
rPois    ∞         Spirit   +   (no helmet)
rElec    +         Reflect  .   t - scarf {Spirit}
rCorr    .         Harm     .   (no gloves)
MR       .....                  (no boots)
Stlth    ..........             u - amulet of the gourmand
HPRegen  0.20/turn              (no ring)
MPRegen  0.12/turn              (no ring)

@: berserk cooldown, slowed, very slow
A: negative energy resistance 1, electricity resistance, unbreathing,
petrification resistance, rot immunity, AC +7
a: Berserk, Trog's Hand, Brothers in Arms, Renounce Religion


You were on level 8 of the Dungeon.
You worshipped Trog.
Trog was extremely pleased with you.
You were very full.

You visited 2 branches of the dungeon, and saw 9 of its levels.
You also visited: Sewer.

You collected 402 gold pieces.

Inventory:

Hand Weapons
 a - a +0 war axe (weapon)
Armour
 b - a +0 chain mail (worn)
 t - a scarf of spirit shield (worn)
Jewellery
 u - an amulet of the gourmand (around neck)
Wands
 p - a wand of random effects (38)
 B - a wand of acid (5)
Scrolls
 d - a scroll of silence {unknown}
 f - 2 scrolls of enchant armour {unknown}
 g - 10 scrolls of identify {unknown}
 j - a scroll of magic mapping {unknown}
 k - 5 scrolls of remove curse {unknown}
 m - 3 scrolls of immolation {unknown}
 s - 3 scrolls of teleportation {unknown}
 x - a scroll of amnesia {unknown}
 y - a scroll of fear {unknown}
Potions
 e - 3 potions of might {unknown}
 h - a potion of lignification {unknown}
 i - 2 potions of degeneration {unknown}
 l - a potion of mutation {unknown}
 n - 2 potions of brilliance {unknown}
 o - 2 potions of invisibility {unknown}
 q - a potion of haste
 r - 4 potions of flight {unknown}
 v - 5 potions of curing {unknown}
 w - 2 potions of agility {unknown}
 z - 2 potions of heal wounds {unknown}
 A - 2 potions of resistance {unknown}
Comestibles
 c - 14 rations
 C - 5 chunks of flesh


   Skills:
 + Level 8.2 Fighting
 + Level 6.9 Axes
 + Level 7.8 Armour
 + Level 5.9 Dodging


You had 9 spell levels left.
You didn't know any spells.
Your spell library was empty.

Dungeon Overview and Level Annotations

Branches:
Dungeon (8/15)             Temple (1/1) D:6           Sewer (visited)
   Lair: D:8-11

Altars:
Cheibriados
Dithmenos
Hepliaklqana
Okawaru
Xom
Yredelemnul

Shops:
D:4 %

Annotations:
D:4 1 runed translucent door, HungryMoth's ghost, amateur MiBe


Innate Abilities, Weirdness & Mutations

You are resistant to torment.
Your stone body is resilient. (AC +7)
You are immune to poison.
You resist negative energy. (rN+)
You are resistant to electric shocks. (rElec)
You can survive without breathing.
You are immune to petrification.
You are immune to rotting.


Message History

The wolf misses you.
The hound bites you but does no damage. x2
The crimson imp hits you but does no damage.
The hound pauses to sniff the ground.
The wolf barely misses you.
You see here a ration.
The killer bee buzzes angrily.
You slice the killer bee!!
You kill the killer bee!
Trog accepts your kill.
You have reached level 10!
You closely miss the hound. You miss the hound. You barely miss the wolf. x2
You closely miss the crimson imp. You barely miss the killer bee.
The wolf splashes around in the water.
The killer bee completely misses you. The hound bites you but does no damage.
The wolf barely misses you. The hound closely misses you.
The wolf closely misses you. The killer bee closely misses you.
The crimson imp closely misses you. The hound bites you but does no damage.
The wolf barely misses you.
The orc priest invokes the aid of Beogh against you.
Beogh smites you!
You die...

........##.#......<^....#
.........#...#...........
....#.......##......##.##
...###.....###..##... ##
.. #...............# .
#.....#........#
#......#...$...)..
#.....##.h.y≈.≈..≈
#.....##.h@5≈..≈≈≈
......#..hhh;≈.;≈≈
...#..##.hSy≈≈≈≈≈≈ ..
.....yh≈≈≈≈≈.
.......yoo≈≈≈.≈
.........h.....
.......≈≈;≈;≈≈.
.>........≈≈≈≈.
.......≈≈≈≈≈≈≈≈


You could see 2 wolves, 6 hounds, 4 killer bees, 4 electric eels, an orc priest,
an orc wizard, a crimson imp and an adder.

Vanquished Creatures
  A troll (D:8)
  Eustachio (D:6)
  A phantom (D:6)
  2 sky beasts
  3 ice beasts
  2 ogres
  3 centaurs
  3 big kobolds (Sewer)
  2 bullfrogs
  2 scorpions
  7 killer bees (D:8)
  2 howler monkeys
  3 crimson imps
  2 bullfrog zombies (D:7)
  2 jellies (D:5)
  4 hounds
  A centaur skeleton (D:7)
  4 orc priests
  2 bullfrog skeletons
  Ijyb (D:3)
  An iguana (D:6)
  4 orc wizards
  6 worker ants
  7 adders
  5 river rats (Sewer)
  2 shadow imps
  2 worms (D:4)
  9 leopard geckos
  15 orcs
  10 bats
  6 giant cockroaches
  9 goblins
  9 hobgoblins
  12 jackals
  18 kobolds
  4 quokkas
  9 ball pythons
  2 frilled lizards
  A jackal skeleton (D:4)
  A quokka skeleton (D:7)
  27 rats
207 creatures vanquished.

Notes
Turn   | Place    | Note
-------+----------+-------------------------------------------
     0 | D:1      | Fang the Gargoyle Berserker began the quest for the Orb.
     0 | D:1      | Reached XP level 1. HP: 14/14 MP: 1/1
    77 | D:1      | Reached XP level 2. HP: 17/19 MP: 2/2
   313 | D:1      | Reached XP level 3. HP: 22/23 MP: 3/3
   411 | D:1      | Reached ** piety under Trog
   775 | D:2      | Reached XP level 4. HP: 29/29 MP: 4/4
  1077 | D:3      | Reached skill level 4 in Fighting
  1112 | D:3      | Reached XP level 5. HP: 28/33 MP: 5/5
  1267 | D:3      | Noticed Ijyb
  1290 | D:3      | Killed Ijyb
  2014 | D:4      | Reached XP level 6. HP: 10/39 MP: 6/6
  2321 | D:4      | Found Seriusut's Food Shoppe.
  2338 | D:4      | Reached *** piety under Trog
  2623 | D:4      | Found a runed translucent door.
  2732 | D:4      | Noticed HungryMoth's ghost (amateur MiBe)
  2803 | D:5      | Entered Level 5 of the Dungeon
  2803 | D:5      | Noticed an ice beast
  2810 | D:5      | Killed an ice beast
  2810 | D:5      | Reached skill level 5 in Fighting
  2816 | D:5      | Reached XP level 7. HP: 44/44 MP: 5/7
  2952 | D:5      | Reached skill level 5 in Armour
  3059 | D:5      | Reached XP level 8. HP: 40/51 MP: 8/8
  3295 | D:5      | Found a glowing drain.
  3328 | Sewer    | Entered a sewer
  3347 | Sewer    | Reached skill level 6 in Fighting
  3460 | Sewer    | Reached skill level 5 in Axes
  3502 | Sewer    | Reached **** piety under Trog
  4560 | D:6      | Noticed Eustachio
  4705 | D:6      | Killed Eustachio
  4705 | D:6      | Reached XP level 9. HP: 48/56 MP: 9/9
  4800 | D:6      | Reached skill level 7 in Fighting
  4813 | D:6      | Found a staircase to the Ecumenical Temple.
  5147 | Temple   | Entered the Ecumenical Temple
  5207 | D:6      | Reached skill level 5 in Dodging
  5611 | D:7      | Found a basalt altar of Yredelemnul.
  5612 | D:7      | Found a shadowy altar of Dithmenos.
  5876 | D:7      | Found an iron altar of Okawaru.
  6253 | D:8      | Reached ***** piety under Trog
  6255 | D:8      | Reached skill level 8 in Fighting
  6305 | D:8      | Noticed a troll
  6313 | D:8      | Killed a troll
  6321 | D:8      | Reached XP level 10. HP: 3/64 MP: 1/10
  6321 | D:8      | Killed from afar by an orc priest

Levels and vault maps discovered:
D:1:      lightli_iron_boxes, layout_rooms, kennysheep_another_room
D:2:      layout_rooms, first_ration
D:3:      layout_loops_cross, uniq_ijyb
D:4:      layout_basic, serial_shops, nicolae_shop_statue_plus,
          ebering_ghost_sewer_d
D:5:      layout_loops_ring, portal_sewer_entry_f
D:6:      layout_basic, minmay_temple_entry_drinking_statues, minivault_5,
          uniq_eustachio
D:7:      layout_basic, minitemple, serial_glass, glass_columns_a,
          glass_columns_a, grunt_ogre_cave, okawaru_ov_weapons_minmay
D:8:      layout_cave_pools, erik_lair_island
Temple:   regret_index_temple_chain_breaker

Skill      XL: |  1  2  3  4  5  6  7  8  9 |
---------------+----------------------------+-----
Axes           | 3 4 5 6 |  6.9
Dodging        | 2 3 4 5 |  5.9
Armour         | 3 4 5 6 7 |  7.8
Fighting       | 4 5 6 8 |  8.2

Action                   |  1- 3 |  4- 6 |  7- 9 | 10-12 || total
-------------------------+-------+-------+-------+-------++-------
Melee: Hand axe          |    96 |   269 |    16 |       ||   381
       War axe           |       |       |   569 |       ||   569
Invok: Berserk           |       |     3 |     2 |       ||     5
       Trog's Hand       |       |     2 |     2 |       ||     4
  Eat: Chunk             |       |     6 |    28 |       ||    34
       Ration            |       |     1 |     1 |       ||     2
Armor: Animal skin       |    30 |    12 |       |       ||    42
       Chain mail        |       |   142 |   526 |     2 ||   670
Dodge: Dodged            |    74 |   149 |   444 |     7 ||   674
